 Dungeon Crawl Stone Soup version 0.17-a0-1450-g7e755d1 (webtiles) character file.

257 matakusis the Ducker (level 5, -7/39 HPs)
             Began as a Demonspawn Gladiator on June 30, 2015.
             Killed by divine providence
             ... invoked by an orc priest
              (10 damage)
             ... on level 3 of the Dungeon.
             The game lasted 00:15:31 (2409 turns).

matakusis the Ducker (Demonspawn Gladiator)         Turns: 2409, Time: 00:15:31

Health: -7/39      AC:  4    Str: 17    XL:     5   Next: 93%
Magic:  5/5        EV: 15    Int:  9    God:
Gold:   93         SH:  0    Dex: 13    Spells: 0 memorised, 4 levels left

rFire  . . .     SeeInvis .     i - +0 dagger (venom)
rCold  . . .     Clarity  .     b - +0 leather armour
rNeg   . . .     SustAt   .     (no shield)
rPois  +         Gourm    .     c - +0 helmet
rElec  .         Spirit   .     (no cloak)
rCorr  .         Warding  .     (no gloves)
rMut   .         Stasis   .     (no boots)
MR     .....                    (no amulet)
Stlth  +.........               (no ring)
                                k - ring of poison resistance

@: not resistant to hostile enchantments, very unstealthy
A: repulsion field 1, spiny 1
a: no special abilities


You were on level 3 of the Dungeon.
You were not hungry.

You visited 1 branch of the dungeon, and saw 3 of its levels.

You collected 93 gold pieces.

Inventory:

Hand weapons
 a - a +0 flail
 i - a +0 dagger of venom (weapon)
Missiles
 d - a throwing net (quivered)
 v - 21 poisoned needles
Armour
 b - a +0 leather armour (worn)
 c - a +0 helmet (worn)
 f - a +0 leather armour
 u - a +0 ring mail
Jewellery
 k - a ring of poison resistance (left hand)
Scrolls
 g - a scroll of recharging
 j - 2 scrolls of remove curse
 o - 2 scrolls of identify {unknown}
 q - 2 scrolls of teleportation {unknown}
 r - a scroll of noise {unknown}
 s - a scroll of amnesia {unknown}
Potions
 l - a potion of curing {unknown}
 m - a potion of haste {unknown}
 p - a potion of flight {unknown}
 w - a potion of cancellation {unknown}
Comestibles
 e - 2 bread rations
 h - a beef jerky
 n - a slice of pizza
 t - a chunk of flesh


   Skills:
 + Level 2.6 Fighting
 + Level 0.5 Short Blades
 * Level 3.5 Maces & Flails
 - Level 1.7 Throwing
 + Level 1.9 Armour
 * Level 4.7 Dodging


You had 4 spell levels left.
You didn't know any spells.

Dungeon Overview and Level Annotations

Branches:
Dungeon (3/15)

Altars:


Innate Abilities, Weirdness & Mutations

You are surrounded by a mild repulsion field (EV +2).
You are partially covered in sharp spines.


Message History

Things that are here:
a scythe; a robe The orc priest misses you.
You hit the orc priest.
The orc priest is poisoned.
The orc priest is lightly wounded.
The orc priest hits you with a dagger.
You hit the orc priest but do no damage.
The orc priest is lightly wounded.
The orc priest glows brightly for a moment.
You hit the orc priest but do no damage.
The orc priest looks even sicker.
The orc priest is lightly wounded.
The orc priest mumbles some strange prayers to Beogh against you.
Pain shoots through your body!
* * * LOW HITPOINT WARNING * * *
You hit the orc priest.
The orc priest is heavily wounded.
The orc priest mumbles some strange prayers to Beogh against you.
Something smites you!
You die...

#.############.#
...............#
.#(#.#.#.#.##..########.
............#...........
.#.#(#.#.#.##.).#######.
............#.#)##
.#.#.#.#.#.##.#).#
............#.#..#
.#.#.#.#.#.##.#.@####
............#.#.o..<#
.#.#.#.#.#.##.#.#.###
.<............#.#..#
.#.#.#.#.#.#..#.#..#
#...###.......#.#...
'...+.#.#######.#.#.#
#...#.#.# #.#....
#......(# #.#.....


You could see an orc priest.

Vanquished Creatures
  Sigmund (D:3)
  5 adders
  A worm (D:2)
  3 orcs (D:3)
  2 giant cockroaches
  7 goblins
  5 hobgoblins (D:2)
  3 quokkas
  7 bats
  5 giant newts
  5 kobolds
  11 rats
55 creatures vanquished.

Vanquished Creatures (others)
  4 toadstools (D:1)
4 creatures vanquished.

Grand Total: 59 creatures vanquished

Notes
Turn   | Place    | Note
--------------------------------------------------------------
     0 | D:1      | matakusis the Demonspawn Gladiator began the quest for the Orb.
     0 | D:1      | Reached XP level 1. HP: 16/16 MP: 1/1
   901 | D:1      | Gained mutation: You are surrounded by a mild repulsion field (EV +2). [demonic ancestry]
   901 | D:1      | Reached XP level 2. HP: 22/22 MP: 2/2
   922 | D:1      | Reached skill level 3 in Dodging
  1344 | D:2      | Reached XP level 3. HP: 15/27 MP: 3/3
  1806 | D:3      | Noticed Sigmund
  1833 | D:3      | Killed Sigmund
  1833 | D:3      | Reached skill level 1 in Armour
  1833 | D:3      | Reached skill level 4 in Dodging
  1833 | D:3      | Reached XP level 4. HP: 9/34 MP: 4/4
  1833 | D:3      | Gained mutation: You are partially covered in sharp spines. [demonic ancestry]
  1833 | D:3      | Reached XP level 5. HP: 10/39 MP: 5/5
  2409 | D:3      | Killed from afar by an orc priest

Vault maps used:
D:1:      ldierk_walled_garden_2
D:2:      first_bread
D:3:      st_stairs_11, saegor_snake_ambush, uniq_sigmund

Action                   |  1- 3 |  4- 6 || total
-------------------------+-------+-------++-------
Melee: Dagger            |   126 |    22 ||   148
       Flail             |     3 |       ||     3
Throw: Throwing net      |     2 |       ||     2
  Use: Scroll            |       |     2 ||     2
 Stab: Held in net/web   |     1 |       ||     1
  Eat: Chunk             |     2 |       ||     2
       Meat ration       |       |     1 ||     1
